 Dungeon Crawl Stone Soup version 0.22-a0-866-geee5034 (webtiles) character file.

206 yoda5477 the Conjurer (level 5, -9/37 HPs)
             Began as a Gnoll Conjurer on July 28, 2018.
             Was an Initiate of Sif Muna.
             Killed by divine providence
             ... invoked by an orc priest
              (15 damage)
             ... on level 4 of the Dungeon.
             The game lasted 00:16:50 (3219 turns).

yoda5477 the Conjurer (Gnoll Conjurer)              Turns: 3219, Time: 00:16:51

Health: -9/37      AC: 10    Str: 10    XL:     5   Next: 84%
Magic:  4/12       EV: 12    Int: 19    God:    Sif Muna [......]
Gold:   204        SH:  0    Dex: 15    Spells: 7/14 levels left

rFire    . . .     SeeInvis .   x - +0 flail
rCold    . . .     Gourm    .   (no shield)
rNeg     + . .     Faith    .   b - +0 ring mail
rPois    .         Spirit   .   t - +2 helmet
rElec    .         Reflect  .   o - +0 cloak
rCorr    .         Harm     .   (no gloves)
MR       .....                  r - +0 pair of boots
Stlth    ++........             J - amulet of rage
HPRegen  0.12/turn              y - ring of positive energy
MPRegen  0.13/turn              (no ring)

@: very slightly contaminated
A: distributed training, fangs 1, strong nose
a: Renounce Religion, Evoke Berserk Rage


You were on level 4 of the Dungeon.
You worshipped Sif Muna.
Sif Muna was noncommittal.
You were not hungry.

You visited 1 branch of the dungeon, and saw 4 of its levels.

You collected 204 gold pieces.

Inventory:

Hand Weapons
 d - a +0 short sword
 g - a +0 hand axe
 l - a +0 mace
 m - a +0 club
 x - a +0 flail (weapon)
 F - a +0 war axe
Armour
 a - a +0 robe
 b - a +0 ring mail (worn)
 j - a +0 robe
 o - a +0 cloak (worn)
 p - a +0 leather armour
 r - a +0 pair of boots (worn)
 s - a +0 chain mail
 t - a +2 helmet (worn)
 v - a +0 chain mail
 E - a +0 scale mail
Jewellery
 y - a ring of positive energy (left hand)
 J - an amulet of rage (around neck)
Scrolls
 q - a scroll of amnesia
 u - a scroll of remove curse
 B - a scroll of blinking {unknown}
 C - 2 scrolls of enchant armour {unknown}
 D - a scroll of enchant weapon {unknown}
 G - 3 scrolls of noise {unknown}
 H - a scroll of immolation {unknown}
 I - a scroll of teleportation
Potions
 e - 2 potions of degeneration {unknown}
 f - 2 potions of might {unknown}
 h - a potion of lignification {unknown}
 i - a potion of brilliance {unknown}
 k - a potion of curing {unknown}
 n - a potion of flight {unknown}
 z - a potion of agility {unknown}
 A - 3 potions of heal wounds {unknown}
Comestibles
 c - 7 rations
 w - 2 chunks of flesh


   Skills:
 + Level 1.6 Fighting
 + Level 1.6 Short Blades
 + Level 1.6 Long Blades
 + Level 1.6 Axes
 + Level 1.6 Maces & Flails
 + Level 1.6 Polearms
 + Level 1.6 Staves
 + Level 1.6 Slings
 + Level 1.6 Bows
 + Level 1.6 Crossbows
 + Level 1.6 Throwing
 + Level 1.6 Armour
 + Level 4.8 Dodging
 + Level 4.4 Stealth
 + Level 1.6 Shields
 + Level 1.6 Unarmed Combat
 + Level 5.2 Spellcasting
 + Level 7.2 Conjurations
 + Level 1.3 Hexes
 + Level 1.3 Charms
 + Level 1.3 Summonings
 + Level 1.3 Necromancy
 + Level 1.3 Translocations
 + Level 1.3 Transmutations
 + Level 1.3 Fire Magic
 + Level 1.3 Ice Magic
 + Level 1.3 Air Magic
 + Level 1.3 Earth Magic
 + Level 1.3 Poison Magic
 + Level 1.8 Invocations
 + Level 1.6 Evocations


You had 7 spell levels left.
You knew the following spells:

 Your Spells              Type           Power        Failure   Level  Hunger
a - Magic Dart            Conj           ####         1%          1    None
b - Searing Ray           Conj           ####..       2%          2    None
c - Iskenderun's Mystic   Conj           ####....     16%         4    ####...

Your spell library contained the following spells:

 Spells                   Type           Power        Failure   Level  Hunger
 Fulminant Prism          Conj/Hex       ###.......   45%         4    ####...
 Dazzling Spray           Conj/Hex       ###...       16%         3    ##.....
 Force Lance              Conj/Tloc      ###.....     45%         4    ####...


Dungeon Overview and Level Annotations

Branches:
Dungeon (4/15)             Temple (0/1) D:4

Altars:
Sif Muna
Trog
The Shining One

Annotations:
D:3 secret with flight, exclusion: downstairs


Innate Abilities, Weirdness & Mutations

Your experience applies equally to all skills.
You have very sharp teeth.
Your uncanny sense of smell can sniff out nearby items.


Message History

A wave of violent energy washes through your body!
Casting: Iskenderun's Mystic Blast (slightly dangerous; 16% risk of failure)
Confirm with . or Enter, or press ? or * to list all spells.
You don't have enough magic to cast that spell.
The orc priest invokes the aid of Beogh against you.
Beogh smites you!
You hear a shout!
The orc priest calls down the wrath of Beogh upon you.
Pain shoots through your body!
You see here a leather armour.
Casting: Iskenderun's Mystic Blast (slightly dangerous; 16% risk of failure)
Confirm with . or Enter, or press ? or * to list all spells.
You can't see any susceptible monsters within range! (Use Z to cast anyway.) Unknown command.
The orc priest mumbles some strange prayers to Beogh against you.
Beogh smites you!
* * * LOW HITPOINT WARNING * * *
The orc priest mumbles some strange prayers to Beogh against you.
Beogh smites you!
You die...

#[# #.# ## #.###### #.
#.o....# #. ######o#
#. ######### #.# #.
........# #.# ∆ #.
.######.#######.####.#
#. ∆
#.@.o....#.....###.
#########.######...
#.# #.#. #.# ###'##
#.####..... ##
#######....#.⌠.⌠. ..
........##.'..>.. ##
############.⌠.⌠. ##
#.....


You could see an orc priest.

Vanquished Creatures
  A howler monkey (D:2)
  2 orc wizards (D:3)
  2 adders (D:3)
  3 oozes
  2 worms
  3 dart slugs
  3 leopard geckos
  4 orcs
  5 giant cockroaches
  5 goblins
  8 hobgoblins
  8 kobolds
  A quokka (D:3)
  2 ball pythons (D:1)
  5 bats
  6 frilled lizards
  10 rats
70 creatures vanquished.

Notes
Turn   | Place    | Note
-------+----------+-------------------------------------------
     0 | D:1      | yoda5477 the Gnoll Conjurer began the quest for the Orb.
     0 | D:1      | Reached XP level 1. HP: 13/13 MP: 6/6
   160 | D:1      | Reached XP level 2. HP: 20/20 MP: 3/7
   315 | D:1      | Reached XP level 3. HP: 22/25 MP: 2/9
   382 | D:1      | Reached skill level 5 in Spellcasting
   706 | D:1      | Reached skill level 1 in Invocations
   837 | D:1      | Learned a level 2 spell: Searing Ray
  1031 | D:2      | Found a bloodstained altar of Trog.
  1138 | D:2      | Reached skill level 1 in Fighting
  1138 | D:2      | Reached skill level 1 in Short Blades
  1138 | D:2      | Reached skill level 1 in Long Blades
  1138 | D:2      | Reached skill level 1 in Axes
  1138 | D:2      | Reached skill level 1 in Maces & Flails
  1138 | D:2      | Reached skill level 1 in Polearms
  1138 | D:2      | Reached skill level 1 in Staves
  1138 | D:2      | Reached skill level 1 in Slings
  1138 | D:2      | Reached skill level 1 in Bows
  1138 | D:2      | Reached skill level 1 in Crossbows
  1138 | D:2      | Reached skill level 1 in Throwing
  1138 | D:2      | Reached skill level 1 in Armour
  1138 | D:2      | Reached skill level 1 in Shields
  1138 | D:2      | Reached skill level 1 in Unarmed Combat
  1138 | D:2      | Reached skill level 1 in Evocations
  1301 | D:2      | Found a glowing golden altar of the Shining One.
  1368 | D:2      | Reached XP level 4. HP: 32/32 MP: 6/11
  1601 | D:2      | Reached skill level 1 in Hexes
  1601 | D:2      | Reached skill level 1 in Charms
  1601 | D:2      | Reached skill level 1 in Summonings
  1601 | D:2      | Reached skill level 1 in Necromancy
  1601 | D:2      | Reached skill level 1 in Translocations
  1601 | D:2      | Reached skill level 1 in Transmutations
  1601 | D:2      | Reached skill level 1 in Fire Magic
  1601 | D:2      | Reached skill level 1 in Ice Magic
  1601 | D:2      | Reached skill level 1 in Air Magic
  1601 | D:2      | Reached skill level 1 in Earth Magic
  1601 | D:2      | Reached skill level 1 in Poison Magic
  2003 | D:3      | Reached XP level 5. HP: 37/37 MP: 4/12
  2334 | D:3      | Found a deep blue altar of Sif Muna.
  2338 | D:3      | Became a worshipper of Sif Muna the Loreminder
  2832 | D:3      | Learned a level 4 spell: Iskenderun's Mystic Blast
  3101 | D:4      | Found a staircase to the Ecumenical Temple.
  3219 | D:4      | Killed from afar by an orc priest

Vault maps used:
D:1:      eino_arrival_cavern_c, minmay_octomino_j4
D:2:      lemuel_round_altar, lemuel_coloured_pillars_altar, first_ration
D:3:      led_sif_book, serial_co_window_serial, co_window_paths_b,
          co_window_paths_b, co_window_corner_a, co_window_corner_a,
          co_window_corner_a, co_window_paths_b, co_window_of_opportunity_a,
          co_window_2corner, co_window_corner_cb, co_window_2corner,
          co_window_cross_4, co_window_unsneaky_path_e, glass_columns_a,
          glass_columns_a
D:4:      minmay_temple_entry_hall

Skill      XL: |  1  2  3  4 |
---------------+-------------+-----
Spellcasting   | 5 |  5.2
Invocations    | 1 |  1.8
Fighting       | 1 |  1.6
Short Blades   | 1 |  1.6
Long Blades    | 1 |  1.6
Axes           | 1 |  1.6
Maces & Flails | 1 |  1.6
Polearms       | 1 |  1.6
Staves         | 1 |  1.6
Slings         | 1 |  1.6
Bows           | 1 |  1.6
Crossbows      | 1 |  1.6
Throwing       | 1 |  1.6
Armour         | 1 |  1.6
Shields        | 1 |  1.6
Unarmed Combat | 1 |  1.6
Evocations     | 1 |  1.6
Hexes          | 1 |  1.3
Charms         | 1 |  1.3
Summonings     | 1 |  1.3
Necromancy     | 1 |  1.3
Translocations | 1 |  1.3
Transmutations | 1 |  1.3
Fire Magic     | 1 |  1.3
Ice Magic      | 1 |  1.3
Air Magic      | 1 |  1.3
Earth Magic    | 1 |  1.3
Poison Magic   | 1 |  1.3
Dodging        | |  4.8
Stealth        | |  4.4
Conjurations   | |  7.2

Action                   |  1- 3 |  4- 6 || total
-------------------------+-------+-------++-------
 Cast: Magic Dart        |    60 |    29 ||    89
       Searing Ray       |     5 |    10 ||    15
       Iskenderun's Myst |       |     1 ||     1
  Use: Scroll            |     2 |     1 ||     3
  Eat: Chunk             |     1 |     6 ||     7
Armor: Robe              |       |     5 ||     5
Dodge: Dodged            |     5 |     7 ||    12

Table legend:
 A = Spawn XP
 B = Non-spawn XP
 C = Spawn XP percentage of total XP
 D = Spawn monster count
 E = Non-spawn monster count
 F = Spawn count percentage of total count
 G = Total turns spent on level
                    A         B        C        D         E        F      G
               +---------+---------+-------+---------+---------+-------+---------
         Total |       0 |     295 |   0.0 |       0 |      70 |   0.0 |  3219
               +---------+---------+-------+---------+---------+-------+---------
           D:1 |       0 |      58 |   0.0 |       0 |      29 |   0.0 |   836
           D:2 |       0 |      84 |   0.0 |       0 |      14 |   0.0 |   831
           D:3 |       0 |     139 |   0.0 |       0 |      22 |   0.0 |  1247
           D:4 |       0 |      14 |   0.0 |       0 |       5 |   0.0 |   305
               +---------+---------+-------+---------+---------+-------+---------
